 Dungeon Crawl Stone Soup version 0.27-a0-333-gfa571bf19a (webtiles) character file.

Game seed: 14164478656970048162

20357 snetch the Severer (level 12, -6/110 HPs)
             Began as a Minotaur Berserker on Feb 11, 2021.
             Was a High Priest of Trog.
             Mangled by an ice devil (12 damage)
             ... on level 12 of the Dungeon on Feb 12, 2021.
             The game lasted 00:39:55 (13835 turns).

snetch the Severer (Minotaur Berserker)            Turns: 13835, Time: 00:39:55

Health: -6/110     AC: 19    Str: 26    XL:     12   Next: 44%
Magic:  11/11      EV:  9    Int:  4    God:    Trog [*****.]
Gold:   476        SH:  5    Dex: 11    Spells: 11/11 levels left

rFire    . . .     SeeInvis .   b - +4 trident
rCold    . . .     Faith    .   (no shield)
rNeg     . . .     Spirit   .   G - +0 plate armour
rPois    +         Reflect  +   (helmet restricted)
rElec    .         Harm     .   D - +0 cloak
rCorr    .         Rampage  .   K - +0 pair of gloves
Will     ++...                  (no boots)
Stlth    ..........             v - amulet of reflection
HPRegen  1.28/turn              o - ring of poison resistance
MPRegen  0.12/turn              u - +4 ring of slaying

@: regenerating, studying Armour
A: retaliatory headbutt, horns 2
a: Renounce Religion, Berserk, Trog's Hand, Brothers in Arms


You were on level 12 of the Dungeon.
You worshipped Trog.
Trog was extremely pleased with you.
You visited 2 branches of the dungeon, and saw 13 of its levels.

You collected 536 gold pieces.
You spent 60 gold pieces at shops.

Inventory:

Hand Weapons
 a - a +4 war axe
 b - a +4 trident (weapon)
 c - a +2 flail of draining
 w - a +1 whip of holy wrath
 z - a +2 whip of flaming
 I - a +0 lajatang of speed
 Q - a +3 quarterstaff of chaos
 V - a +2 great mace of flaming
Missiles
 d - 60 poisoned darts (quivered)
 i - 277 arrows
 p - 102 sling bullets
 t - 11 boomerangs
 F - 493 stones
 H - 89 bolts
 T - 10 curare-tipped darts
Armour
 s - the +0 robe of Joikytoz {rF++}
   (You found it on level 9 of the Dungeon)

   It greatly protects you from fire.
 D - a +0 cloak (worn)
 G - a +0 plate armour (worn)
 K - a +0 pair of gloves (worn)
 R - a +2 animal skin
Jewellery
 o - a ring of poison resistance (left hand)
 u - a +4 ring of slaying (right hand)
 v - an amulet of reflection (around neck)
 U - an amulet of reflection
Wands
 e - a wand of flame (18)
 S - a wand of acid (6)
 W - a wand of random effects (17)
Scrolls
 f - 6 scrolls of teleportation
 g - 2 scrolls of fear
 h - a scroll of blinking
 l - 4 scrolls of fog {unknown}
 n - 2 scrolls of amnesia {unknown}
 q - a scroll of brand weapon
 r - 3 scrolls of magic mapping {unknown}
 y - 3 scrolls of enchant armour {unknown}
 C - 3 scrolls of enchant weapon {unknown}
 E - a scroll of immolation {unknown}
 J - a scroll of random uselessness {unknown}
 L - a scroll of vulnerability {unknown}
Potions
 j - a potion of haste
 k - 4 potions of flight
 m - 6 potions of heal wounds {unknown}
 x - a potion of cancellation
 A - 2 potions of might {unknown}
 B - 2 potions of ambrosia {unknown}
 M - a potion of lignification
 N - a potion of mutation {unknown}
 O - 4 potions of curing
 P - a potion of degeneration {unknown}
 X - a potion of invisibility {unknown}


   Skills:
 + Level 11.2 Fighting
 - Level 15.7(16.3) Axes
 + Level 4.5(11.5) Maces & Flails
 + Level 5.8(12.0) Polearms
 + Level 2.1(5.2) Staves
 + Level 1.5 Throwing
 + Level 14.1 Armour
 + Level 4.6 Dodging
 + Level 2.0 Stealth
 + Level 0.5 Evocations


You had 11 spell levels left.
You didn't know any spells.
Your spell library contained the following spells:

 Spells                   Type           Power        Failure   Level
 Animate Skeleton         Necr           0%           99%         1
 Apportation              Tloc           0%           99%         1
 Corona                   Hex            0%           99%         1
 Summon Small Mammal      Summ           0%           99%         1


Dungeon Overview and Level Annotations

Branches:
Dungeon (12/15)            Temple (1/1) D:6            Lair (0/6) D:8
    Orc (0/2) D:12

Altars:
Ashenzari
Cheibriados
Dithmenos
Elyvilon
Fedhas
Gozag
Hepliaklqana
Kikubaaqudgha
Makhleb
Nemelex Xobeh
Okawaru
Qazlal
Ru
Sif Muna
Trog
Uskayaw
Vehumet
Wu Jian
Xom
Yredelemnul
Zin
The Shining One

Shops:
D:7 *:   D:8 (

Portals:
Ice
Cave: D:12

Annotations:
D:7 unexplored over lava
D:11 loot behind water, exclusions: ice statue and orange crystal statue


Innate Abilities, Weirdness & Mutations

You reflexively headbutt those who attack you in melee.
You have a pair of horns on your head.


Message History

You closely miss the ice devil.
The ice devil is moderately wounded.
The ice devil hits you but does no damage.
The ice devil hits you! The ice devil freezes you!!
* * * LOW HITPOINT WARNING * * *
You open the door.
The ice devil hits you but does no damage.
The ice devil barely misses you. You block the ice devil's attack.
There is an open door here.
The ice devil hits you but does no damage.
You are too injured to fight recklessly!
Reach: b) +4 trident
Press: ? - help, Dir - move target, f - ice devil
Aim: an ice devil (about 27% to evade your +4 trident)
You reach to attack!
You hit the ice devil but do no damage. You closely miss the ice devil.
The ice devil closely misses you.
You puncture the ice devil!
The ice devil is lightly wounded.
You block the ice devil's attack.
Your skin crawls.
You feel strong-willed.
The ice devil hits you but does no damage.
You closely miss the ice devil. Your headbutt misses the ice devil.
The ice devil is lightly wounded.
You hit the ice devil.
The ice devil is lightly wounded.
The ice devil hits you but does no damage.
You puncture the ice devil!
The ice devil is heavily wounded.
The ice devil hits you.
* * * LOW HITPOINT WARNING * * *
The ice devil freezes you!!
* * * LOW HITPOINT WARNING * * *
You hit the ice devil but do no damage.
The ice devil is heavily wounded.
You feel better. The ice devil hits you!
* * * LOW HITPOINT WARNING * * *
The ice devil freezes you!
You die...

......##.......#####.'.##....#
#....##.......## ##### ...#
...............# ###
..##...)..4#.###
....##(†...### ........))..#
....#.....### .. ###.....###
##...44@# #....### ##..##
..... ###..## #!## ##


You could see 2 ice devils.

Vanquished Creatures
  An ogre mage (D:8)
  A centaur warrior (D:9)
  2 boulder beetles
  A two-headed ogre (D:8)
  3 death yaks (D:8)
  Sonja (D:9)
  4 skeletal warriors
  Pikel (D:7)
  3 ugly things
  2 cyclopes (D:12)
  A centaur zombie (D:10)
  Joseph (D:7)
  Psyche (D:10)
  The ghost of tabyourdongers the Ruffian, an amateur TrDe of Ashenzari (D:8)
  4 ice devils (D:11)
  A troll (D:10)
  A wraith (D:6)
  A wyvern (D:11)
  13 yaks
  Grum (D:10)
  Menkaure (D:6)
  3 water moccasins
  4 orc warriors
  4 ice beasts
  5 sky beasts
  A black bear (D:7)
  4 ogres
  4 wolves (D:10)
  7 centaurs
  A lemure (D:7)
  4 kobold brigands
  A wyvern zombie (D:11)
  9 bullfrogs
  A wyvern skeleton (D:10)
  2 scorpions
  8 wights
  4 howler monkeys (D:10)
  A bullfrog zombie (D:9)
  5 hounds
  3 jellies
  3 bullfrog skeletons
  5 orc priests
  3 iguanas
  Crazy Yiuf (D:6)
  7 orc wizards
  10 worker ants
  A spectral hound (D:9)
  2 hound skeletons (D:7)
  A hound zombie (D:5)
  A worker ant zombie (D:7)
  A howler monkey skeleton (D:10)
  10 adders
  2 shadow imps
  3 white imps
  12 ufetubi
  An ooze (D:2)
  2 adder skeletons (D:9)
  5 worms
  2 dart slugs (D:1)
  9 leopard geckos
  35 orcs
  9 giant cockroaches
  5 goblins
  7 hobgoblins
  19 jackals
  24 kobolds
  7 quokkas
  A ball python skeleton (D:6)
  11 bats
  11 frilled lizards
  A leopard gecko skeleton (D:5)
  A quokka skeleton (D:9)
  7 rats
335 creatures vanquished.

Vanquished Creatures (others)
  3 withered plants (D:7)
3 creatures vanquished.

Grand Total: 338 creatures vanquished

Notes
Turn   | Place    | Note
-------+----------+-------------------------------------------
     0 | D:1      | snetch the Minotaur Berserker began the quest for the Orb.
     0 | D:1      | Reached XP level 1. HP: 19/19 MP: 0/0
   497 | D:2      | Reached skill level 4 in Axes
   497 | D:2      | Reached XP level 2. HP: 27/27 MP: 1/1
   680 | D:2      | Reached XP level 3. HP: 33/33 MP: 2/2
  1224 | D:2      | Reached XP level 4. HP: 41/41 MP: 3/3
  1309 | D:2      | Reached ** piety under Trog
  1397 | D:2      | Reached skill level 5 in Axes
  1480 | D:3      | Reached XP level 5. HP: 35/47 MP: 4/4
  2747 | D:3      | Reached *** piety under Trog
  3038 | D:5      | Entered Level 5 of the Dungeon
  3438 | D:4      | Noticed a centaur
  3442 | D:4      | Killed a centaur
  3443 | D:4      | Reached skill level 5 in Fighting
  3443 | D:4      | Reached skill level 6 in Axes
  3443 | D:4      | Reached XP level 6. HP: 30/56 MP: 5/5
  4852 | D:6      | Found a staircase to the Ecumenical Temple.
  4866 | D:6      | Reached skill level 5 in Armour
  4866 | D:6      | Reached XP level 7. HP: 34/61 MP: 6/6
  4882 | D:6      | Reached skill level 1 in Maces & Flails
  4889 | D:6      | Reached skill level 7 in Axes
  5999 | D:7      | Found a basalt altar of Yredelemnul.
  6056 | D:6      | Noticed a wraith
  6065 | D:6      | Killed a wraith
  6066 | D:6      | Reached skill level 1 in Staves
  6066 | D:6      | Reached XP level 8. HP: 56/70 MP: 7/7
  6350 | D:6      | Found a shadowy altar of Dithmenos.
  6503 | D:6      | Found a runed translucent door.
  6504 | D:6      | Noticed Crazy Yiuf
  6510 | D:6      | Killed Crazy Yiuf
  6595 | D:6      | Noticed Menkaure
  6599 | D:6      | Killed Menkaure
  6599 | D:6      | Reached **** piety under Trog
  6600 | D:6      | Reached skill level 8 in Axes
  6741 | Temple   | Entered the Ecumenical Temple
  7045 | D:7      | Found a stormy altar of Qazlal.
  7076 | D:7      | Found Tuwainir's Book Shoppe.
  7118 | D:7      | Found a radiant altar of Vehumet.
  7173 | D:7      | Reached skill level 9 in Axes
  7866 | D:7      | Noticed Pikel
  7875 | D:7      | Killed Pikel
  7876 | D:7      | Reached skill level 10 in Axes
  7876 | D:7      | Reached skill level 1 in Stealth
  7876 | D:7      | Reached XP level 9. HP: 73/78 MP: 8/8
  7977 | D:7      | Noticed Joseph
  7989 | D:7      | Killed Joseph
  8184 | D:7      | Found an iron altar of Okawaru.
  8372 | D:7      | Found Milu's General Store.
  8375 | D:7      | Bought a potion of curing for 36 gold pieces
  8375 | D:7      | Bought a scroll of identify for 24 gold pieces
  8407 | D:8      | Found a shimmering blue altar of Sif Muna.
  8481 | D:8      | Reached skill level 11 in Axes
  8840 | D:8      | Noticed a death yak
  8842 | D:8      | Noticed a death yak
  8843 | D:8      | Noticed a death yak
  8862 | D:8      | Killed a death yak
  8863 | D:8      | Reached skill level 12 in Axes
  8863 | D:8      | Reached XP level 10. HP: 62/88 MP: 9/9
  8867 | D:8      | Killed a death yak
  8870 | D:8      | Killed a death yak
  8979 | D:8      | Found a staircase to the Lair.
  9056 | D:8      | Reached skill level 13 in Axes
  9119 | D:8      | Noticed a two-headed ogre
  9124 | D:8      | Killed a two-headed ogre
  9180 | D:8      | Found Ankuet's Antique Weapon Emporium.
  9233 | D:9      | Noticed a centaur warrior
  9489 | D:9      | Killed a centaur warrior
  9784 | D:8      | Noticed an ogre mage
  9784 | D:8      | Noticed tabyourdongers's ghost (amateur TrDe)
  9785 | D:8      | Found a transporter.
  9789 | D:8      | Found a transporter.
  9939 | D:8      | Found a sparkling altar of Nemelex Xobeh.
 10324 | D:9      | Got a distressingly furry robe
 10376 | D:10     | Entered Level 10 of the Dungeon
 10376 | D:10     | Noticed Grum
 10386 | D:10     | Reached skill level 14 in Axes
 10398 | D:10     | Reached XP level 11. HP: 38/97 MP: 10/10
 10400 | D:10     | Killed Grum
 10499 | D:10     | Reached skill level 1 in Throwing
 10643 | D:10     | Identified the +0 robe of Joikytoz {rF++} (You found it on
                  | level 9 of the Dungeon)
 10741 | D:10     | Noticed Sonja
 10741 | D:10     | Noticed a cyan ugly thing
 10754 | D:9      | Killed Sonja
 10755 | D:9      | Reached skill level 10 in Armour
 10765 | D:9      | Upgraded the game from 0.27-a0-328-g7f782ed93a to
                  | 0.27-a0-333-gfa571bf19a
 11041 | D:9      | Found an opulent altar of Gozag.
 11077 | D:9      | Reached ***** piety under Trog
 11137 | D:10     | Killed a cyan ugly thing
 11158 | D:10     | Noticed Psyche
 11162 | D:10     | Killed Psyche
 11593 | D:8      | Killed an ogre mage
 11597 | D:8      | Killed tabyourdongers's ghost
 11832 | D:10     | Noticed a skeletal warrior
 11843 | D:10     | Noticed a skeletal warrior
 11843 | D:10     | Noticed a skeletal warrior
 11847 | D:10     | Noticed a skeletal warrior
 11868 | D:11     | Killed a skeletal warrior
 11869 | D:11     | Reached skill level 15 in Axes
 11869 | D:11     | Noticed a boulder beetle
 11896 | D:11     | Killed a boulder beetle
 11897 | D:11     | Reached skill level 10 in Fighting
 12058 | D:11     | Killed a skeletal warrior
 12149 | D:11     | Killed a skeletal warrior
 12357 | D:10     | Killed a skeletal warrior
 12524 | D:10     | Reached XP level 12. HP: 107/107 MP: 11/11
 13425 | D:11     | Received a gift from Trog
 13556 | D:11     | Reached skill level 1 in Polearms
 13684 | D:12     | Found a staircase to the Orcish Mines.
 13761 | D:12     | Reached skill level 5 in Polearms
 13782 | D:12     | Noticed a boulder beetle
 13795 | D:12     | Killed a boulder beetle
 13801 | D:12     | Found a frozen archway.
 13833 | D:12     | HP: 1/110 [ice devil (19)]
 13835 | D:12     | Mangled by an ice devil

Illustrated notes

Levels and vault maps discovered:
D:1:      dpeg_arrival_circle_labyrinth_c, layout_basic, minmay_tiny_reverse_x
D:2:      minmay_razor_zed, layout_loops_cross
D:3:      layout_basic
D:4:      minmay_general_purpose_star, layout_layer_cave, serial_bayou_pond_e,
          grunt_ministairs_8
D:5:      layout_basic
D:6:      layout_cave_pools, minmay_temple_entry_overgrown,
          nicolae_dithmenos_through_a_glass_darkly, uniq_crazy_yiuf_cottage,
          uniq_menkaure
D:7:      layout_basic, yredelemnul_altar_generic, vehumet_altar_wand_db,
          lemuel_round_altar, kennysheep_mini_moat, serial_shops,
          kennysheep_mini, shop, uniq_joseph, uniq_pikel
D:8:      layout_basic, nicolae_overflow_crystal_walls, dpeg_lair_monsters,
          serial_shops, shop, gammafunk_ghost_arena, nemelex_spade_bored_becter
D:9:      layout_irregular_city, marbit_many_paths, hangedman_weighted_door
D:10:     layout_long_grid, minmay_misc_feat_roman, palyth_stone_intersect,
          uniq_grum, uniq_sonja, uniq_psyche
D:11:     cheibrodos_frozen_isle, layout_loops_ring, serial_shops, statue_bzr,
          kennysheep_opposing_triangles
D:12:     gammafunk_sealed_library, layout_cave_pools,
          portal_ice_cave_demonic_guard
Temple:   eino_temple_scatter_basement

Skill      XL: |  1  2  3  4  5  6  7  8  9 10 11 12 |
---------------+-------------------------------------+-----
Fighting       | 4 5 6 7 9 10 11 | 11.2
Axes           | 4 5 6 7 10 12 14 15 | 15.7
Armour         | 3 4 5 6 7 8 9 13 14 | 14.1
Dodging        | 3 4 |  4.6
Maces & Flails | 3 4 |  4.5
Staves         | 1 2 |  2.1
Stealth        | 1 2 |  2.0
Throwing       | 1 |  1.5
Polearms       | 5 |  5.8
Evocations     | |  0.5

Action                   |  1- 3 |  4- 6 |  7- 9 | 10-12 || total
-------------------------+-------+-------+-------+-------++-------
Melee: Hand axe          |    49 |   123 |     3 |       ||   175
       Headbutt          |     7 |    21 |    38 |    88 ||   154
       Flail             |       |    21 |    17 |       ||    38
       Battleaxe         |       |       |    72 |       ||    72
       War axe           |       |       |    80 |   322 ||   402
       Lajatang          |       |       |     7 |       ||     7
       Trident           |       |       |     2 |   128 ||   130
Throw: Dart              |       |       |       |    12 ||    12
Invok: Berserk           |       |     2 |     2 |     3 ||     7
       Trog's Hand       |       |       |     2 |     5 ||     7
       Brothers in Arms  |       |       |     1 |       ||     1
Evoke: Wand              |       |       |       |     3 ||     3
  Use: Scroll            |       |       |     4 |     5 ||     9
       Potion            |       |       |       |     1 ||     1
Armor: Ring mail         |    16 |    57 |    15 |       ||    88
       Plate armour      |       |       |    87 |   138 ||   225
Dodge: Dodged            |    34 |    97 |    72 |   121 ||   324
Block: Other             |       |    18 |    35 |    59 ||   112
       Reflection        |       |       |       |     4 ||     4

Table legend: (Time is in decaauts)
 A = Elapsed time spent in this place.
 B = Non-inter-level travel time spent in this place.
 C = Inter-level travel time spent in this place.
 D = Time resting spent in this place.
 E = Time spent auto-exploring this place.
 F = Levels seen in this place.
 G = Mean time per level.
                   A        B        C        D        E       F      G
               +--------+--------+--------+--------+--------+-----+--------+
         Total |  13871 |  13000 |    871 |   1157 |   8506 |  13 | 1067.0 |
       Dungeon |  13656 |  12807 |    849 |   1157 |   8314 |  12 | 1138.0 |
        Temple |    214 |    192 |     22 |      0 |    192 |   1 |  214.0 |
               +--------+--------+--------+--------+--------+-----+--------+

Top non-repeatable levels by time:
     D:8: 1832 daAuts
     D:4: 1761 daAuts
     D:7: 1522 daAuts
    D:10: 1385 daAuts
     D:5: 1263 daAuts
     D:2: 1090 daAuts
     D:9: 1081 daAuts
     D:3: 1054 daAuts
    D:11: 902 daAuts
     D:1: 862 daAuts
     D:6: 765 daAuts
  Temple: 214 daAuts
    D:12: 135 daAuts
